 Dungeon Crawl Stone Soup version 0.26.1-2-gb8aa6d0cf2 (webtiles) character file.

Game seed: 17646327421334609699

572 DearestLeader the Frost Mage (level 7, -3/46 HPs)
             Began as a Merfolk Ice Elementalist on Mar 22, 2021.
             Slain by Grinder (8 damage)
             ... on level 5 of the Dungeon.
             The game lasted 00:09:33 (5178 turns).

DearestLeader the Frost Mage (MfIE)                 Turns: 5178, Time: 00:09:34

Health: -3/46      AC:  4    Str:  6 (9)  XL:     7   Next: 34%
Magic:  10/10      EV: 12    Int: 21 (22) God:
Gold:   223        SH:  0    Dex: 13 (14) Spells: 3/10 levels left

rFire    . . .     SeeInvis .   r - +1 war axe (freeze)
rCold    . . .     Faith    .   (no shield)
rNeg     + . .     Spirit   .   D - +1 leather armour {rN+}
rPois    .         Reflect  .   (no helmet)
rElec    .         Harm     .   (no cloak)
rCorr    .         Rampage  .   (no gloves)
Will     .....                  (no boots)
Stlth    ++........             (no amulet)
HPRegen  0.15/turn              o - +6 ring of intelligence
MPRegen  0.12/turn              (no ring)

@: brilliant
A: change form in water, swift swim, stealthy swim
a: no special abilities


You were on level 5 of the Dungeon.
You visited 1 branch of the dungeon, and saw 5 of its levels.

You collected 223 gold pieces.

Inventory:

Hand Weapons
 l - a +0 shortbow
 r - a +1 war axe of freezing (weapon)
 C - a +0 trident
Missiles
 m - 24 arrows
 n - 12 poisoned darts (quivered)
Armour
 D - a +1 leather armour of positive energy (worn)
Jewellery
 o - a +6 ring of intelligence (left hand)
Scrolls
 d - 2 scrolls of teleportation
 g - 2 scrolls of identify {unknown}
 h - a scroll of noise {unknown}
 j - a scroll of fear {unknown}
 q - 2 scrolls of enchant armour
 t - 2 scrolls of magic mapping {unknown}
 w - a scroll of blinking {unknown}
 x - a scroll of immolation {unknown}
 y - 2 scrolls of fog {unknown}
 z - a scroll of remove curse {unknown}
 B - a scroll of enchant weapon {unknown}
Potions
 b - a potion of degeneration
 c - a potion of brilliance
 e - a potion of berserk rage {unknown}
 f - 3 potions of curing
 i - 2 potions of magic
 k - 2 potions of cancellation {unknown}
 s - a potion of invisibility {unknown}
 u - a potion of lignification {unknown}
 v - a potion of flight {unknown}
 A - a potion of haste


   Skills:
 * Level 5.2 Polearms
 - Level 2.6 Dodging
 - Level 2.1 Stealth
 - Level 2.0 Spellcasting
 + Level 8.5 Ice Magic


You had 3 spell levels left.
You knew the following spells:

 Your Spells              Type           Power        Failure   Level
a - Freeze                Ice            100%         1%          1
b - Frozen Ramparts       Ice            100%         1%          3
c - Ozocubu's Armour      Ice            54%          1%          3

Your spell library contained the following spells:

 Spells                   Type           Power        Failure   Level
 Hailstorm                Conj/Ice       30%          36%         4
 Summon Ice Beast         Ice/Summ       30%          36%         4


Dungeon Overview and Level Annotations

Branches:
Dungeon (5/15)
 Temple: D:4-7

Altars:

Annotations:
D:5 Grinder


Message History

Your icy armour cracks and falls away as you move.
You closely miss Grinder.
Grinder is severely wounded.
Grinder misses you. Grinder hits you.
* * * LOW HITPOINT WARNING * * *
You writhe in agony.
* * * LOW HITPOINT WARNING * * *
You barely miss Grinder.
Grinder is heavily wounded.
Grinder barely misses you. Grinder says, "Are you a fish?"
Grinder closely misses you.
You slash Grinder!
Grinder is severely wounded.
Grinder hits you!
* * * LOW HITPOINT WARNING * * *
You writhe in agony.
* * * LOW HITPOINT WARNING * * *
Grinder hits you!
You die...

####### #.....#
#.###.# #.#@5.#
#.#####.##
#.........
#5###########
#.#.........#
#.#.#.#.###.#
#.#.#.#.#
#.###.#.#####.#
#.....#........


You could see Grinder (fast).

Vanquished Creatures
  2 ogres (D:4)
  A centaur (D:2)
  An orc priest (D:4)
  Terence (D:3)
  An orc wizard (D:3)
  2 worker ants (D:4)
  A hound skeleton (D:4)
  3 gnolls (D:2)
  5 adders
  2 adder skeletons (D:4)
  A dart slug (D:4)
  4 worms (D:2)
  3 leopard geckos
  12 orcs
  5 bats
  A giant cockroach (D:2)
  7 goblins
  10 hobgoblins
  7 jackals
  2 quokkas
  2 frilled lizards
  A jackal skeleton (D:4)
  7 kobolds
  5 rats
86 creatures vanquished.

Vanquished Creatures (others)
  12 plants (D:1)
12 creatures vanquished.

Grand Total: 98 creatures vanquished

Notes
Turn   | Place    | Note
-------+----------+-------------------------------------------
     0 | D:1      | DearestLeader the Merfolk Ice Elementalist began the quest
                  | for the Orb.
     0 | D:1      | Reached XP level 1. HP: 13/13 MP: 3/3
   343 | D:1      | Reached XP level 2. HP: 3/19 MP: 5/5
   355 | D:1      | Reached skill level 5 in Ice Magic
  1241 | D:1      | Reached XP level 3. HP: 24/24 MP: 4/6
  1369 | D:1      | Learned a level 3 spell: Frozen Ramparts
  1700 | D:2      | Reached skill level 6 in Ice Magic
  1702 | D:2      | Reached XP level 4. HP: 16/30 MP: 0/7
  2132 | D:2      | Noticed a centaur
  2140 | D:2      | Killed a centaur
  2141 | D:2      | Reached skill level 7 in Ice Magic
  2141 | D:2      | Reached XP level 5. HP: 12/35 MP: 4/8
  2627 | D:2      | Learned a level 3 spell: Ozocubu's Armour
  2885 | D:3      | Noticed Terence
  2891 | D:3      | Killed Terence
  2983 | D:3      | Reached XP level 6. HP: 41/41 MP: 5/9
  3226 | D:3      | Reached skill level 8 in Ice Magic
  3785 | D:3      | Reached skill level 1 in Polearms
  4025 | D:4      | Reached XP level 7. HP: 46/46 MP: 6/10
  4846 | D:4      | Reached skill level 5 in Polearms
  5069 | D:5      | Entered Level 5 of the Dungeon
  5130 | D:5      | Noticed Grinder
  5138 | D:5      | Paralysed by Grinder for 6 turns
  5148 | D:5      | Paralysed by Grinder for 3 turns
  5154 | D:5      | Paralysed by Grinder for 5 turns
  5178 | D:5      | Slain by Grinder

Illustrated notes

Levels and vault maps discovered:
D:1:      dpeg_arrival_rooms_c, layout_basic, minivault_11, kennysheep_boxes
D:2:      layout_rooms, minmay_liquid_box, trog_butcher_becter
D:3:      minmay_chambers_of_twos, layout_loops_ring, uniq_terence
D:4:      layout_basic
D:5:      mumra_celtic_spiral_tile, layout_gridville,
          nicolae_tso_swordbearing_angel, kennysheep_generic_room_11,
          uniq_crazy_yiuf_cottage, uniq_grinder, uniq_blork_the_orc

Skill      XL: |  1  2  3  4  5  6  7 |
---------------+----------------------+-----
Ice Magic      | 5 6 7 8 |  8.5
Polearms       | 4 5 |  5.2
Dodging        | |  2.6
Stealth        | |  2.1
Spellcasting   | |  2.0

Action                   |  1- 3 |  4- 6 |  7- 9 || total
-------------------------+-------+-------+-------++-------
Melee: Short sword       |    43 |     7 |       ||    50
       Unarmed           |     2 |       |       ||     2
       Whip              |       |    31 |       ||    31
       War axe           |       |    57 |    46 ||   103
 Cast: Freeze            |    34 |     5 |       ||    39
       Frozen Ramparts   |       |    17 |     4 ||    21
       Ozocubu's Armour  |       |     1 |     2 ||     3
  Use: Potion            |       |       |     4 ||     4
       Scroll            |       |       |     2 ||     2
 Stab: Sleeping          |     1 |       |     1 ||     2
Armor: Robe              |     8 |    11 |       ||    19
       Leather armour    |       |    14 |    16 ||    30
Dodge: Dodged            |    61 |   104 |    35 ||   200
